cohdb
Replays
Latest Replays
All Replays
Popular Replays
Top Player Replays
Match Explorer
How It Works
Community
CoH3 Stats
Reddit
Sign in to upload your games and track your stats! →
Sign in with Steam
Match 44167531
Unlisted
Match 44167531
Overview
Messages
Build Orders
End
Construct Infanterie Kompanie
Selects Luftwaffe Battlegroup
Selects Luftwaffe Pioneer Support
Fallschirmpioneer Squad Paradrop
MG 42 Machine Gun Team
MG 42 Machine Gun Team
GrW 34 Mortar Team
Construct Luftwaffe Kompanie
Selects Stuka Strafing Run
Support Elements
Stuka Strafing Run
Wirbelwind Flakpanzer
Joraad
playa* ease my mind...
aLias
macmore
Carter Pewterschmidt
Serial Chiller
Elias
Steven Seagal
0
0
Comments
sign in to comment!
No comments posted yet!